Map: Thunderbird LE

Players

NYK - Winner!

  • Race: Zerg Zerg
  • Spawn Location: 5:00

BackupO

  • Race: Zerg Zerg
  • Spawn Location: 11:00

VOD

Have the link to the VOD?

Description

Time

  • Played on: Sept. 6, 2019, 12:58 p.m.
  • Length: 8:25
Show
View Real Time Build Order
Export as new Build Order

NYK Zerg - Winner!

Build Orders: Hatch First, Zergling Baneling 

Get SALT Encoding   

  12  0:01  Drone  
  13  0:12  Overlord  
  13  0:18  Drone  
  14  0:31  Drone x2  
  16  0:48  Hatchery  
  15  0:52  Drone  
  15  0:55  Drone  
  17  0:58  Drone  
  18  1:10  Extractor  
  17  1:14  Spawning Pool  
  17  1:17  Drone  
  17  1:20  Drone  
  18  1:28  Drone  
  19  1:39  Overlord  
  19  1:59  Drone  
  20  2:01  Queen x2  
  20  2:02  Zergling x2  
  20  2:06  Drone  
  26  2:09  Metabolic Boost  
  26  2:15  Drone x2  
  28  2:24  Drone x2  
  30  2:37  Baneling Nest  
  30  2:40  Zergling x4  
  31  2:50  Overlord  
  31  2:54  Hatchery  
  30  2:59  Drone x3  
  33  3:15  Drone x4  
  33  3:18  Queen  
  39  3:22  Baneling x2  
  39  3:24  Zergling x4  
  41  3:34  Zergling x6  
  42  3:37  Baneling x2  
  42  3:38  Baneling x2  
  44  3:47  Overlord  
  44  3:48  Baneling x2  
  44  3:56  Overlord  
  43  4:05  Baneling  
  43  4:09  Overlord  
  42  4:10  Zergling x4  
  42  4:11  Zergling x10  
  48  4:18  Roach Warren  
  47  4:25  Zergling x14  
  47  4:27  Baneling  
  54  4:36  Drone x3  
  56  4:39  Drone x2  
  56  4:44  Drone  
  57  4:46  Baneling x2  
  57  4:51  Overlord  
  56  4:55  Drone x3  
  56  4:56  Drone x3  
  56  4:58  Baneling x2  
  61  5:04  Extractor  
  61  5:05  Zergling x6  
  61  5:06  Evolution Chamber  
  58  5:17  Baneling  
  55  5:21  Zergling x2  
  55  5:22  Zergling x8  
  58  5:28  Drone  
  58  5:32  Lair  
  56  5:36  Drone  
  56  5:37  Drone x4  
  56  5:38  Zergling x2  
  56  5:39  Zergling x2  
  56  5:41  Baneling  
  56  5:42  Baneling  
  63  5:45  Drone x2  
  63  5:48  Extractor  
  64  5:55  Drone x3  
  67  6:00  Zerg Missile Weapons Level 1  
  67  6:04  Drone x2  
  67  6:05  Drone x7  
  67  6:06  Drone  
  77  6:15  Overlord  
  77  6:16  Extractor  
  75  6:32  Drone x3  
  78  6:34  Roach x6, Extractor  
  78  6:35  Overlord x5  
  89  6:41  Extractor  
  88  6:52  Hatchery  
  83  7:02  Roach x9  
  83  7:03  Roach x4  
  109  7:16  Drone x4  
  109  7:21  Roach x4  
  121  7:25  Roach  
  123  7:31  Roach  
  123  7:32  Baneling x2  
  125  7:37  Overlord x2, Drone x2  
  125  7:38  Overseer  
  125  7:42  Roach  
  129  7:52  Overlord x2  
  129  7:57  Overseer  
  129  7:59  Evolution Chamber  
  129  8:04  Roach x4  
  129  8:05  Roach x7  
Show
View Real Time Build Order
Export as new Build Order

BackupO Zerg 

Build Orders: Hatch First 

Get SALT Encoding   

  12  0:01  Drone  
  13  0:13  Overlord  
  13  0:16  Drone  
  14  0:31  Drone x2  
  16  0:49  Hatchery  
  15  0:52  Drone  
  15  0:56  Drone  
  17  1:00  Drone  
  18  1:10  Extractor  
  17  1:16  Spawning Pool  
  16  1:19  Drone  
  16  1:23  Drone  
  18  1:29  Drone  
  19  1:43  Drone  
  20  1:50  Drone  
  21  2:03  Queen x2  
  21  2:04  Zergling x4  
  27  2:12  Overlord  
  27  2:14  Drone  
  28  2:15  Metabolic Boost  
  28  2:30  Drone  
  28  2:31  Drone  
  28  2:36  Drone x2  
  32  2:46  Hatchery  
  31  2:57  Overlord  
  31  2:58  Baneling Nest  
  30  3:07  Drone  
  30  3:08  Zergling x8  
  35  3:14  Zergling x2  
  35  3:16  Overlord  
  36  3:21  Zergling x2  
  36  3:22  Zergling x4  
  39  3:30  Drone  
  39  3:31  Drone x2  
  42  3:41  Drone x2  
  42  3:47  Baneling x3  
  43  4:05  Zergling x14  
  43  4:07  Baneling  
  43  4:08  Baneling  
  46  4:21  Extractor  
  45  4:25  Baneling x2  
  45  4:27  Evolution Chamber  
  45  4:28  Drone x2  
  45  4:29  Drone x6  
  45  4:30  Drone  
  53  4:31  Queen  
  50  4:50  Zergling x2  
  50  4:51  Zergling x10  
  51  5:01  Zergling x8  
  51  5:02  Zergling x2  
  49  5:15  Zergling x12  
  49  5:21  Baneling x2  
  49  5:27  Zergling x6  
  42  5:32  Zergling x8  
  38  5:36  Drone x2  
  38  5:37  Queen  
  38  5:42  Lair  
  42  5:43  Zerg Missile Weapons Level 1  
  42  5:45  Drone x2  
  42  5:49  Drone  
  45  5:56  Drone x2  
  47  6:05  Baneling x2  
  47  6:06  Drone  
  47  6:07  Drone x4  
  47  6:08  Drone  
  51  6:27  Roach Warren  
  51  6:28  Drone x3  
  51  6:29  Drone  
  51  6:30  Drone x2  
  51  6:32  Drone  
  57  6:36  Extractor  
  57  6:39  Drone  
  57  6:42  Overlord  
  57  6:53  Overlord  
  57  7:00  Drone  
  57  7:01  Drone x8  
  65  7:15  Drone x2, Extractor  
  64  7:16  Drone  
  64  7:19  Drone  
  64  7:20  Drone x4  
  70  7:31  Overlord  
  70  7:32  Roach  
  70  7:34  Overlord x3  
  72  7:46  Roach  
  73  7:53  Roach  
  73  7:54  Roach x7  
  73  7:56  Roach  
  100  8:18  Roach Warren  
Tags
 
Add a new tag
Caveats
  • Supply blocks, unpowered buildings, or Contaminate may cause inaccurate times.
  • Supply counts are checked every 10 seconds.